 Dungeon Sprint DCSS version 0.19.1 (webtiles) character file.

13300000 KingBobo974 the Conqueror (level 27, -9/249 HPs)
             Began as a Demonspawn Fighter on Dec 15, 2016.
             Was the Champion of Makhleb.
             Killed from afar by a wretched soul (45 damage)
             ... with a bolt of negative energy
             ... in the Dungeon (Sprint VIII: "Arena of Blood").
             The game lasted 00:07:26 (133 turns).

KingBobo974 the Conqueror (Demonspawn Fighter)       Turns: 133, Time: 00:07:27

Health: -9/249     AC: 13    Str: 25    XL:     27
Magic:  46/54      EV: 26    Int: 14    God:    Makhleb [******]
Gold:   0          SH:  0    Dex: 13    Spells: 0 memorised, 80 levels left

rFire  . . .     SeeInvis .     l - +∞ Axe of Woe
rCold  . . .     Gourm    .     b - +0 scale mail
rNeg   + . .     Faith    .     (shield currently unavailable)
rPois  .         Spirit   .     (helmet unavailable)
rElec  .         Reflect  .     (no cloak)
rCorr  .         Harm     .     (gloves unavailable)
MR     ++...     NoTele   +     (boots unavailable)
Stlth  ++++++++..               (no amulet)
                                n - +30 ring of slaying
                                o - +30 ring of slaying

@: slowed, drained, very slow
A: claws 3, horns 3, talons 3, demonic guardian 3, foul stench 2, negative
energy resistance 1, 50% torment resistance, black mark, rot immunity
a: Minor Destruction, Lesser Servant of Makhleb, Major Destruction, Greater
Servant of Makhleb, Renounce Religion


You were in the Dungeon.
You worshipped Makhleb.
Makhleb was exalted by your worship.
You were not hungry.

You visited 1 branch

Inventory:

Hand Weapons
 a - a +0 trident
 l - the +∞ Axe of Woe (weapon)
   (You found it in the Dungeon)
Armour
 b - a +0 scale mail (worn)
 c - a +0 shield
Jewellery
 m - a +30 ring of slaying
 n - a +30 ring of slaying (right claw)
 o - a +30 ring of slaying (left claw)
Scrolls
 k - a scroll of blinking
Potions
 d - a potion of might
 e - a potion of curing
 g - a potion of heal wounds
 h - a potion of haste
 i - 2 potions of magic
 j - a potion of berserk rage
Comestibles
 f - a bread ration


   Skills:
 O Level 27(26.2) Fighting
 O Level 27(26.2) Axes
 O Level 27(26.2) Polearms
 O Level 27(26.2) Throwing
 O Level 27(26.2) Armour
 O Level 27(26.2) Dodging
 O Level 27(26.2) Stealth
 O Level 27(26.2) Shields
 O Level 27(26.2) Unarmed Combat
 O Level 27(26.2) Spellcasting
 O Level 27(26.2) Invocations


You had 80 spell levels left.
You didn't know any spells.

Dungeon Overview and Level Annotations

Branches:
Dungeon (1/1)

Altars:
Makhleb


Innate Abilities, Weirdness & Mutations

You have claws for hands.
You have a pair of large horns on your head.
You have claws for feet.
A powerful demonic guardian rushes to your aid.
You frequently emit foul miasma when damaged in melee.
You resist negative energy. (rN+)
You are somewhat able to resist unholy torments (1 in 2 success).
Your melee attacks may debilitate your foes.
You are immune to rotting.


Message History

The accursed gestures at you while chanting.
Something smites you! The fleshlord casts a spell at you.
You barely resist.
Unknown command.
You cut the bag of meat into ribbons!!! You chop the bag of meat into pieces.
You kill the bag of meat!
Makhleb accepts your kill. The fleshlord casts a spell at you.
You feel as though you will be slow longer.
You hear a shout! x3
The accursed moves out of view.
The fleshlord hits you with a +9 great mace!!!!!
Ouch! That really hurt!
* * * LOW HITPOINT WARNING * * *
You hear a shout!
A bolt of negative energy appears from out of thin air!
Deactivating autopickup; reactivate with Ctrl-A.
The bolt of negative energy hits you! You partially resist.
You feel drained.
You die...

...%.%)_).........
....#.).).#.......
. #_)<)_#.......
....#.))%)#....%.#
...%..))_)))..§...%
...V.%%###)D%.§.§M.
..###....))p###XX%
. #%....)p# ..
#...%.)@#
%....p..)M......
%.....p......#..
...%...%....#...
.%...p.%.%##....
.....{..#. ...
........#. ###
.#.........


You could see an accursed, an eight-headed meat hydra and 5 fleshlords.

Vanquished Creatures
  2 hell knights (D)
  10 hell beasts (D)
  7 greater mummies (D)
  4 great orbs of eyes (D)
  3 wraiths (D)
  Harold (D)
  17 vampire knights (D)
  38 ogres (D)
  10 liches (D)
  3 hydras (D)
  87 orcs (D)
  7 phantoms (D)
  13 hill giants (D)
  3 skeletal warriors (D)
  A sea snake (D)
  13 large abominations (D)
  6 small abominations (D)
  5 crawling corpses (D)
230 creatures vanquished.

Vanquished Creatures (others)
  3 crawling corpses (D)
3 creatures vanquished.

Grand Total: 233 creatures vanquished

Notes
Turn   | Place    | Note
-------+----------+-------------------------------------------
     0 | D        | KingBobo974 the Demonspawn Fighter began the quest for the Orb.
     0 | D        | Reached XP level 1. HP: 18/18 MP: 1/1
     2 | D        | Noticed a bag of meat
     2 | D        | Noticed a bag of meat
     3 | D        | Noticed a bag of meat
     4 | D        | Noticed a bag of meat
     4 | D        | Noticed a bag of meat
     5 | D        | Noticed a bag of meat
     7 | D        | Noticed a bag of meat
     8 | D        | Noticed a bag of meat
     9 | D        | Killed a bag of meat
     9 | D        | Reached skill level 15 in Armour
     9 | D        | Gained mutation: You have sharp fingernails. [demonic ancestry]
     9 | D        | Reached XP level 2. HP: 45/45 MP: 2/2
     9 | D        | Gained mutation: You are immune to rotting. [demonic ancestry]
     9 | D        | Reached XP level 3. HP: 51/51 MP: 3/3
     9 | D        | Gained mutation: You have very sharp fingernails. [demonic ancestry]
     9 | D        | Reached XP level 4. HP: 58/58 MP: 4/4
     9 | D        | Reached XP level 5. HP: 64/64 MP: 5/5
     9 | D        | Gained mutation: You have claws for hands. [demonic ancestry]
     9 | D        | Reached XP level 6. HP: 71/71 MP: 6/6
     9 | D        | Gained mutation: You have a pair of small horns on your head. [demonic ancestry]
     9 | D        | Reached XP level 7. HP: 78/78 MP: 7/7
     9 | D        | Reached XP level 8. HP: 85/85 MP: 8/8
     9 | D        | Gained mutation: A weak demonic guardian rushes to your aid. [demonic ancestry]
     9 | D        | Reached XP level 9. HP: 91/91 MP: 9/9
     9 | D        | Gained mutation: You may emit foul miasma when damaged in melee. [demonic ancestry]
     9 | D        | Reached XP level 10. HP: 98/98 MP: 10/10
     9 | D        | Gained mutation: You have sharp toenails. [demonic ancestry]
     9 | D        | Reached XP level 11. HP: 104/104 MP: 11/11
    10 | D        | Noticed a bag of meat
    10 | D        | Became a worshipper of Makhleb the Destroyer
    11 | D        | Noticed a bag of meat
    11 | D        | Killed a bag of meat
    11 | D        | Reached skill level 5 in Axes
    11 | D        | Gained mutation: You frequently emit foul miasma when damaged in melee. [demonic ancestry]
    11 | D        | Reached XP level 12. HP: 88/117 MP: 12/12
    11 | D        | Killed a bag of meat
    11 | D        | Reached * piety under Makhleb
    11 | D        | Reached skill level 10 in Polearms
    11 | D        | Gained mutation: You have razor-sharp toenails. [demonic ancestry]
    11 | D        | Reached XP level 13. HP: 96/127 MP: 13/13
    11 | D        | Killed a bag of meat
    11 | D        | Reached XP level 14. HP: 104/138 MP: 14/14
    12 | D        | Killed a bag of meat
    12 | D        | Killed a bag of meat
    12 | D        | Reached ** piety under Makhleb
    12 | D        | Reached skill level 10 in Axes
    12 | D        | Reached XP level 15. HP: 148/148 MP: 15/15
    14 | D        | Noticed a meat berserker
    15 | D        | Reached *** piety under Makhleb
    15 | D        | Gained mutation: You have a pair of horns on your head. [demonic ancestry]
    15 | D        | Reached XP level 16. HP: 162/162 MP: 16/16
    16 | D        | Killed a meat berserker
    16 | D        | Reached skill level 15 in Axes
    16 | D        | Reached skill level 27 in Fighting
    16 | D        | Gained mutation: You have claws for feet. [demonic ancestry]
    16 | D        | Reached XP level 17. HP: 174/174 MP: 17/17
    17 | D        | Reached skill level 15 in Polearms
    18 | D        | Noticed a meat berserker
    18 | D        | Reached **** piety under Makhleb
    20 | D        | Noticed a large bag of meat
    20 | D        | Noticed a large bag of meat
    21 | D        | Noticed a meat berserker
    21 | D        | Killed a meat berserker
    21 | D        | Reached skill level 27 in Armour
    21 | D        | Reached XP level 18. HP: 182/182 MP: 18/18
    25 | D        | Noticed a meat berserker
    25 | D        | Killed a large bag of meat
    25 | D        | Reached skill level 1 in Dodging
    25 | D        | Reached skill level 27 in Shields
    26 | D        | Noticed a meat berserker
    26 | D        | Noticed a destroyer
    26 | D        | Killed a meat berserker
    26 | D        | Reached ***** piety under Makhleb
    26 | D        | Reached skill level 27 in Axes
    27 | D        | Noticed a meat berserker
    28 | D        | Noticed a meat berserker
    28 | D        | Killed a large bag of meat
    28 | D        | Gained mutation: You have a pair of large horns on your head. [demonic ancestry]
    28 | D        | Reached XP level 19. HP: 90/189 MP: 19/19
    29 | D        | Noticed a meat berserker
    30 | D        | Killed a meat berserker
    30 | D        | Killed a meat berserker
    30 | D        | Reached skill level 27 in Polearms
    31 | D        | Killed a destroyer
    31 | D        | Gained mutation: You resist negative energy. (rN+) [demonic ancestry]
    31 | D        | Reached XP level 20. HP: 56/197 MP: 20/20
    31 | D        | Killed a meat berserker
    31 | D        | Reached skill level 27 in Dodging
    31 | D        | Reached skill level 5 in Throwing
    31 | D        | Reached skill level 5 in Unarmed Combat
    31 | D        | Reached skill level 5 in Spellcasting
    32 | D        | Noticed a destroyer
    32 | D        | Noticed a meat berserker
    33 | D        | Noticed a meat berserker
    33 | D        | Noticed a destroyer
    33 | D        | Killed a meat berserker
    33 | D        | Reached ****** piety under Makhleb
    33 | D        | Reached skill level 10 in Throwing
    33 | D        | Reached skill level 10 in Unarmed Combat
    33 | D        | Reached skill level 10 in Spellcasting
    33 | D        | Reached XP level 21. HP: 204/204 MP: 20/35
    34 | D        | Reached skill level 15 in Stealth
    34 | D        | Killed a destroyer
    34 | D        | Gained mutation: A demonic guardian rushes to your aid. [demonic ancestry]
    34 | D        | Reached XP level 22. HP: 212/212 MP: 20/42
    35 | D        | Noticed The Servant
    35 | D        | Noticed a destroyer
    35 | D        | Killed a destroyer
    36 | D        | Noticed a destroyer
    37 | D        | Reached skill level 27 in Invocations
    37 | D        | Reached XP level 23. HP: 219/219 MP: 21/48
    38 | D        | Noticed a destroyer
    39 | D        | Killed a destroyer
    40 | D        | Reached skill level 27 in Stealth
    40 | D        | Killed a destroyer
    40 | D        | Reached skill level 27 in Throwing
    40 | D        | Reached skill level 27 in Unarmed Combat
    40 | D        | Reached skill level 27 in Spellcasting
    40 | D        | Gained mutation: You are somewhat able to resist unholy torments (1 in 2 success). [demonic ancestry]
    40 | D        | Reached XP level 24. HP: 227/227 MP: 21/54
    42 | D        | Noticed a destroyer
    42 | D        | Killed a destroyer
    43 | D        | Noticed a destroyer
    44 | D        | Noticed a destroyer
    45 | D        | Killed a destroyer
    45 | D        | Reached XP level 25. HP: 234/234 MP: 23/54
    47 | D        | Killed a destroyer
    47 | D        | Killed a destroyer
    47 | D        | Gained mutation: Your melee attacks may debilitate your foes. [demonic ancestry]
    47 | D        | Reached XP level 26. HP: 242/242 MP: 23/54
    49 | D        | Noticed a destroyer
    51 | D        | Noticed a destroyer
    51 | D        | Killed a destroyer
    51 | D        | Gained mutation: A powerful demonic guardian rushes to your aid. [demonic ancestry]
    51 | D        | Reached XP level 27. HP: 249/249 MP: 24/54
    52 | D        | Noticed a destroyer
    53 | D        | Killed a destroyer
    55 | D        | Noticed a destroyer
    55 | D        | Killed The Servant
    58 | D        | Noticed a tyrant
    59 | D        | Noticed a destroyer
    60 | D        | Killed a destroyer
    62 | D        | Noticed a destroyer
    63 | D        | Noticed a dread
    63 | D        | Killed a destroyer
    63 | D        | Killed a destroyer
    65 | D        | Noticed a meat beast
    65 | D        | Noticed a tyrant
    67 | D        | Noticed an accursed
    68 | D        | Noticed an accursed
    68 | D        | Noticed an accursed
    69 | D        | Noticed an accursed
    69 | D        | Killed a meat beast
    71 | D        | Noticed a meat beast
    71 | D        | Noticed a destroyer
    71 | D        | Killed a destroyer
    72 | D        | Killed a dread
    72 | D        | Killed a tyrant
    73 | D        | Killed a destroyer
    74 | D        | Noticed an accursed
    74 | D        | Killed a meat beast
    77 | D        | Killed a tyrant
    78 | D        | Noticed a meat beast
    79 | D        | Noticed an accursed
    80 | D        | Noticed a meat beast
    80 | D        | Noticed a dread
    80 | D        | Killed an accursed
    82 | D        | Killed a meat beast
    83 | D        | Noticed a meat beast
    84 | D        | Killed a meat beast
    87 | D        | Killed a meat beast
    88 | D        | Killed an accursed
    90 | D        | Noticed a meat beast
    90 | D        | Killed an accursed
    91 | D        | Noticed a destroyer
    92 | D        | Noticed a meat beast
    92 | D        | Killed an accursed
    93 | D        | Noticed a tyrant
    93 | D        | Killed a meat beast
    94 | D        | Killed a meat beast
    94 | D        | Killed a dread
    95 | D        | Killed an accursed
    96 | D        | Noticed a tyrant
    99 | D        | Noticed a tyrant
    99 | D        | Noticed a meat beast
   101 | D        | Killed a meat beast
   102 | D        | Killed an accursed
   105 | D        | Noticed a tyrant
   105 | D        | Noticed an accursed
   105 | D        | Noticed an accursed
   105 | D        | Killed a tyrant
   107 | D        | Killed a destroyer
   109 | D        | Killed a tyrant
   109 | D        | Killed a tyrant
   110 | D        | Noticed a tyrant
   111 | D        | Noticed a tyrant
   111 | D        | Noticed a meat beast
   112 | D        | Noticed a meat beast
   112 | D        | Noticed a tyrant
   112 | D        | Noticed a tyrant
   113 | D        | Noticed a dread
   115 | D        | Killed a tyrant
   116 | D        | Killed a meat beast
   116 | D        | Killed an accursed
   117 | D        | Killed a meat beast
   117 | D        | Killed a tyrant
   119 | D        | Noticed a fleshlord
   121 | D        | Killed a tyrant
   122 | D        | Noticed a fleshlord
   122 | D        | Noticed a fleshlord
   123 | D        | Killed a tyrant
   124 | D        | Killed a tyrant
   125 | D        | Noticed a fleshlord
   127 | D        | Noticed a fleshlord
   127 | D        | Killed a fleshlord
   128 | D        | Noticed a fleshlord
   129 | D        | Noticed a fleshlord
   129 | D        | Killed a dread
   131 | D        | Killed a fleshlord
   132 | D        | Noticed an accursed
   133 | D        | Killed from afar by a wretched soul

Skill      XL: |  1  2  3  4  5  6  7  8  9 10 11 12 13 14 15 16 17 18 19 20 21 22 23 |
---------------+----------------------------------------------------------------------+-----
Fighting       | 16 18 19 21 22 25 27 | 27.0
Axes           | 3 5 6 7 10 13 16 21 27 | 27.0
Polearms       | 7 9 10 11 13 14 16 21 27 | 27.0
Armour         | 15 17 18 19 21 23 24 27 | 27.0
Shields        | 14 16 17 18 20 22 24 26 27 | 27.0
Dodging        | 7 26 27 | 27.0
Throwing       | 10 16 21 27 | 27.0
Stealth        | 11 18 23 27 | 27.0
Unarmed Combat | 10 16 21 27 | 27.0
Spellcasting   | 10 16 21 27 | 27.0
Invocations    | 14 22 27 | 27.0

Action                   |  1- 3 |  4- 6 |  7- 9 | 10-12 | 13-15 | 16-18 | 19-21 | 22-24 | 25-27 || total
-------------------------+-------+-------+-------+-------+-------+-------+-------+-------+-------++-------
Melee: Executioner's axe |     1 |       |       |     1 |     3 |     7 |     4 |     8 |    81 ||   105
 Stab: Distracted        |       |       |       |       |       |       |       |       |     1 ||     1
Armor: Scale mail        |       |       |       |       |     1 |       |       |     1 |     3 ||     5
Dodge: Dodged            |       |       |       |       |       |       |       |     1 |    11 ||    12
